 Dungeon Crawl Stone Soup version 0.20-a0-2-g2b0e13a (webtiles) character file.

388 yukitheduck the Chiller (level 6, -1/67 HPs)
             Began as a Demigod Ice Elementalist on Oct 28, 2016.
             Slain by an orc
             ... wielding a +0 trident
              (3 damage)
             ... on level 3 of the Dungeon.
             The game lasted 00:19:41 (3392 turns).

yukitheduck the Chiller (Demigod Ice Elementalist)  Turns: 3392, Time: 00:19:41

Health: -1/67      AC:  2    Str: 16    XL:     6   Next: 24%
Magic:  4/11       EV: 12    Int: 23    God:
Gold:   92         SH:  0    Dex: 16    Spells: 3 memorised, 2 levels left

rFire  + . .     SeeInvis .     d - +0 spear (venom)
rCold  + . .     Gourm    .     a - +0 robe
rNeg   . . .     Faith    .     (no shield)
rPois  +         Spirit   .     (no helmet)
rElec  +         Reflect  .     (no cloak)
rCorr  +         Harm     .     (no gloves)
MR     .....                    (no boots)
Stlth  ..........               (no amulet)
                                (no ring)
                                (no ring)

@: berserking, resistant, very quick
A: high mp 1
a: no special abilities


You were on level 3 of the Dungeon.
You were near starving.

You visited 1 branch of the dungeon, and saw 6 of its levels.

You collected 92 gold pieces.

Inventory:

Hand Weapons
 d - a +0 spear of venom (weapon)
Armour
 a - a +0 robe (worn)
Jewellery
 l - an uncursed amulet of rage {unknown}
Scrolls
 h - 2 scrolls of identify
 m - a scroll of remove curse {unknown}
Potions
 j - a potion of curing
Books
 b - a book of Frost

   Spells                             Type                      Level
   a - Freeze                         Ice                          1
   b - Throw Frost                    Conjuration/Ice              2
   c - Ozocubu's Armour               Charms/Ice                   3
   d - Throw Icicle                   Conjuration/Ice              4
   e - Summon Ice Beast               Ice/Summoning                4
Comestibles
 c - 4 bread rations
 f - 2 meat rations
 i - a beef jerky
 k - a slice of pizza


   Skills:
 - Level 1.7 Dodging
 - Level 1.7 Stealth
 - Level 1.7 Spellcasting
 - Level 0.8 Conjurations
 + Level 6.7 Ice Magic


You had 2 spell levels left.
You knew the following spells:

 Your Spells              Type           Power        Failure   Level  Hunger
a - Freeze                Ice            ####         1%          1    #......
b - Throw Frost           Conj/Ice       ###...       4%          2    ##.....
c - Ozocubu's Armour      Chrm/Ice       ###.....     12%         3    ###....


Dungeon Overview and Level Annotations

Branches:
Dungeon (6/15)
 Temple: D:4-7

Shops:
D:4 :


Innate Abilities, Weirdness & Mutations

You have an increased reservoir of magic. (+10% MP)


Message History

You are too injured to fight recklessly!
It was a potion of resistance.
You feel protected. The orc misses you.
A red film seems to cover your vision as you go berserk!
You feel yourself moving faster!
You feel mighty! The orc misses you.
The orc hits you from afar with a trident.
* * * LOW HITPOINT WARNING * * *
The orc misses you.
You are too injured to fight recklessly!
You are too injured to fight recklessly!
You puncture the orc!
You kill the orc!
You barely miss the orc. The orc closely misses you.
The orc hits you from afar with a trident!
* * * LOW HITPOINT WARNING * * *
You puncture the orc!
You kill the orc!
The orc hits you from afar with a trident.
You die...

##.... ...###.#.###
...... .........># #
.... ....#####.# #.
#'#### ###.#
###.###....######...#
................#.###
................#...#
.....o))...<.)..###.#
.....#@###########.#
?....#.............#
##+# ###############


You could see an orc.

Vanquished Creatures
  2 scorpions (D:4)
  4 hounds
  An orc priest (D:3)
  A centaur skeleton (D:5)
  A worker ant (D:5)
  2 adders
  An ooze (D:2)
  A worm (D:2)
  2 dart slugs (D:1)
  3 leopard geckos
  2 orcs (D:3)
  7 bats
  A giant cockroach (D:1)
  5 goblins
  6 hobgoblins
  4 jackals (D:5)
  A ball python (D:1)
  2 frilled lizards
  7 kobolds
  A leopard gecko skeleton (D:4)
  11 rats
65 creatures vanquished.

Notes
Turn   | Place    | Note
-------+----------+-------------------------------------------
     0 | D:1      | yukitheduck the Demigod Ice Elementalist began the quest for the Orb.
     0 | D:1      | Reached XP level 1. HP: 14/14 MP: 5/5
    20 | D:1      | Reached skill level 3 in Ice Magic
   172 | D:1      | Reached XP level 2. HP: 18/20 MP: 4/7
   176 | D:1      | Learned a level 2 spell: Throw Frost
  1095 | D:2      | Found a faded altar of an unknown god.
  1347 | D:2      | Reached XP level 3. HP: 25/26 MP: 4/8
  1560 | D:2      | Reached skill level 4 in Ice Magic
  2097 | D:3      | You fall through a shaft for 3 floors!
  2097 | D:6      | Noticed a sky beast
  2325 | D:6      | Reached XP level 4. HP: 20/33 MP: 1/9
  2418 | D:5      | Entered Level 5 of the Dungeon
  2430 | D:5      | Reached skill level 5 in Ice Magic
  2623 | D:5      | Learned a level 3 spell: Ozocubu's Armour
  2682 | D:5      | Reached XP level 5. HP: 18/38 MP: 0/10
  2869 | D:5      | Noticed an ogre
  2873 | D:5      | Noticed an ogre
  2885 | D:4      | Reached skill level 6 in Ice Magic
  2892 | D:4      | Found Hedih's Book Shoppe.
  2978 | D:4      | Reached XP level 6. HP: 13/45 MP: 1/11
  3324 | D:4      | Found a shattered altar of Ashenzari.
  3391 | D:3      | HP: 2/67 [orc/trident (8)]
  3392 | D:3      | Slain by an orc

Vault maps used:
D:1:      dpeg_arrival_radiant
D:2:      ecumenical_altar_1, first_bread, minmay_misc_feat_room
D:3:      gammafunk_temple_overflow_pools, st_stairs_7
D:4:      kennysheep_mini_moat, dancing_weapons_uskayaw, serial_shops, shop,
          uniq_duvessa
D:5:      kennysheep_little_box, basic_altar, uniq_menkaure, uniq_blork_the_orc,
          uniq_eustachio
D:6:      nicolae_xom_altar_mimics, due_unseen_surprise

Skill      XL: |  1  2  3  4  5 |
---------------+----------------+-----
Ice Magic      | 3 4 5 6 |  6.7
Dodging        | |  1.7
Stealth        | |  1.7
Spellcasting   | |  1.7
Conjurations   | |  0.8

Action                   |  1- 3 |  4- 6 || total
-------------------------+-------+-------++-------
Melee: Unarmed           |    29 |       ||    29
       Spear             |    33 |    37 ||    70
 Cast: Freeze            |    12 |       ||    12
       Throw Frost       |    55 |    35 ||    90
  Use: Scroll            |     3 |       ||     3
       Potion            |       |     3 ||     3
  Eat: Chunk             |     8 |     5 ||    13
Armor: Robe              |    13 |     5 ||    18
Dodge: Dodged            |    60 |    18 ||    78
